 Dungeon Crawl Stone Soup version 0.18-a0-750-g37044d6 (webtiles) character file.

189 JokEr the Slasher (level 5, -3/38 HPs)
             Began as a High Elf Fighter on Dec 12, 2015.
             Was an Initiate of Okawaru.
             Slain by an orc
             ... wielding a +0 trident
              (7 damage)
             ... on level 3 of the Dungeon.
             The game lasted 00:05:06 (3402 turns).

JokEr the Slasher (High Elf Fighter)                Turns: 3402, Time: 00:05:06

Health: -3/38      AC:  7    Str: 21    XL:     5   Next: 40%
Magic:  6/6        EV:  7    Int: 12    God:    Okawaru [......]
Gold:   144        SH:  9    Dex: 14    Spells: 0 memorised, 4 levels left

rFire  . . .     SeeInvis .     a - +0 long sword
rCold  . . .     Clarity  .     b - +1 scale mail
rNeg   . . .     SustAt   .     c - +0 shield
rPois  .         Gourm    .     (no helmet)
rElec  .         Spirit   .     (no cloak)
rCorr  .         Dismiss  .     (no gloves)
rMut   .         Stasis   .     (no boots)
MR     .....                    (no amulet)
Stlth  ..........               (no ring)
                                (no ring)

@: mighty, not resistant to hostile enchantments, extremely unstealthy
A: no striking features
a: Renounce Religion


You were on level 3 of the Dungeon.
You worshipped Okawaru.
Okawaru was noncommittal.
You were not hungry.

You visited 1 branch of the dungeon, and saw 3 of its levels.

You collected 144 gold pieces.

Inventory:

Hand Weapons
 a - a +0 long sword (weapon)
Armour
 b - a +1 scale mail (worn)
 c - a +0 shield (worn)
Jewellery
 g - an uncursed ring of magical power
 n - an uncursed ring of flight {unknown}
 o - an uncursed amulet of guardian spirit {unknown}
 r - an uncursed ring of stealth {unknown}
Wands
 e - a wand of magic darts (31)
Scrolls
 i - 2 scrolls of remove curse
 m - a scroll of teleportation
Potions
 f - 2 potions of brilliance {unknown}
 h - a potion of resistance {unknown}
 j - 2 potions of haste
 l - a potion of poison {unknown}
 p - 2 potions of heal wounds {unknown}
Comestibles
 k - a slice of pizza
 q - a meat ration
 s - a bread ration


   Skills:
 + Level 4.6 Fighting
 + Level 5.3 Long Blades
 - Level 2.6 Armour
 - Level 2.6 Shields


You had 4 spell levels left.
You didn't know any spells.

Dungeon Overview and Level Annotations

Branches:
Dungeon (3/15)

Altars:
Dithmenos
Okawaru


Message History

The orc closely misses you.
You hit the ooze.
The ooze is moderately wounded.
You block the bat's attack. The ooze hits you but does no damage.
You block the orc's attack.
You slash the ooze!
The ooze is almost dead.
The bat hits you but does no damage. You block the ooze's attack.
The orc hits you from afar with a trident.
* * * LOW HITPOINT WARNING * * *
The ooze hits you.
* * * LOW HITPOINT WARNING * * *
You slice the ooze!!
You kill the ooze!
Okawaru accepts your kill. The bat hits you.
* * * LOW HITPOINT WARNING * * *
The orc hits you but does no damage. The orc hits you with a trident!
You die...

#.# #.# #.# #
###.## #.#
#.#
#.#....###.#
#.#
#.#.....##.##
..#
#............
..#
#.#.....##.##
#.#.)b.###.#
# #.#.##
#.#@#
#...o......#
###.#.######
...... .##
#.# # ... ...
..#


You could see an orc and a bat.

Vanquished Creatures
  Crazy Yiuf (D:2)
  4 gnolls (D:3)
  6 adders
  2 oozes (D:3)
  A worm (D:2)
  2 giant geckos
  4 orcs (D:3)
  7 bats
  A giant cockroach (D:2)
  9 goblins
  5 hobgoblins
  3 jackals (D:1)
  7 kobolds
  2 quokkas (D:2)
  2 ball pythons
  3 giant newts
  5 rats
64 creatures vanquished.

Notes
Turn   | Place    | Note
--------------------------------------------------------------
     0 | D:1      | JokEr the High Elf Fighter began the quest for the Orb.
     0 | D:1      | Reached XP level 1. HP: 16/16 MP: 2/2
   132 | D:1      | Reached XP level 2. HP: 13/21 MP: 3/3
   278 | D:1      | Found an iron altar of Okawaru.
   288 | D:1      | Became a worshipper of Warmaster Okawaru
  1199 | D:2      | Found a faded altar to an unknown god.
  1228 | D:2      | Reached XP level 3. HP: 26/26 MP: 4/4
  1576 | D:2      | Reached skill level 4 in Long Blades
  1720 | D:2      | Reached XP level 4. HP: 20/33 MP: 5/5
  2283 | D:2      | Noticed Crazy Yiuf
  2331 | D:3      | Found a shadowy altar of Dithmenos.
  2623 | D:2      | Killed Crazy Yiuf
  3369 | D:3      | Reached XP level 5. HP: 38/38 MP: 6/6
  3386 | D:3      | Reached skill level 5 in Long Blades
  3402 | D:3      | Slain by an orc

Vault maps used:
D:1:      mushboom_english_gardens, okawaru_ov_weapons_minmay
D:2:      ecumenical_altar_2, hangedman_glass_garden, uniq_crazy_yiuf_cottage
D:3:      lemuel_round_altar, first_bread

Action                   |  1- 3 |  4- 6 || total
-------------------------+-------+-------++-------
Melee: Long sword        |   133 |    76 ||   209
  Use: Scroll            |     5 |     3 ||     8
       Potion            |       |     1 ||     1
  Eat: Bread ration      |     1 |     1 ||     2
